AoeStats
← il caldo fa schifo

Nomad

509685271Analyzed
4v4 RM · 4d ago on Sep 27, 2026· 50m 7s· 8 players
Game mode
Random Map
Map size
231×231
Population
200
Speed
Normal
Resources
Standard
Victory
Conquest
Starting age
Dark Age
Ending age
Imperial Age
RankedLock teamsTeams togetherTeam positionsShared explorationLock speedFull tech treeHidden civsTurbo modeCheats
Victory
Defeat
1352
+13
1306
+15
🇵🇪 Franks · Peru
1214
+19
🇵🇪 Malay · Peru
1146
+22
🇹🇷 Turks · Türkiye
1338
-20
🇬🇧 Varangians · United Kingdom
1321
-19
🇨🇭 Persians · Switzerland
1244
-16
🇲🇽 Japanese · Mexico
1203
-14
ubertorresr
5:10 Loom
20:09 Feudal Age
29:25 Castle Age
30:49 Fishing Lines
32:20 Gillnets
32:38 Stone Mining
36:57 Fletching
37:18 Forging
37:14 Scale Barding Armor
37:33 Double-Bit Axe
37:41 Gold Mining
40:43 Iron Casting
41:05 Wheelbarrow
41:38 Gold Shaft Mining
42:02 Husbandry
44:44 Chain Barding Armor
45:30 Hand Cart
༄CLR』Iulo Ascanio2210
5:07 Loom
13:03 Feudal Age
14:20 Double-Bit Axe
16:40 Forging
17:56 Scale Barding Armor
18:16 Fishing Lines
19:22 Horse Collar
24:03 Castle Age
22:44 Bloodlines
24:10 Light Cavalry
26:31 Gold Mining
27:10 Bow Saw
29:56 Wheelbarrow
30:04 Scale Mail Armor
31:32 Chain Mail Armor
31:52 Iron Casting
31:45 Heavy Plow
31:51 Squires
33:51 Iron Casting
35:08 Stone Mining
36:11 Hand Cart
36:24 Arson
37:03 Gillnets
37:29 Town Watch
38:43 Town Patrol
43:58 Imperial Age
42:34 Medium Warships
42:36 Treadmill Crane
43:18 Ballistics
43:20 Chain Barding Armor
42:55 Vendel Legacy
46:18 Plate Mail Armor
46:49 Blast Furnace
45:11 Elite Varangian Guard
47:32 Conscription
46:38 Gothikon
47:42 Husbandry
48:19 Plate Barding Armor
49:30 Fletching
✪♛ Chapulin el dulce
4:41 Loom
13:39 Feudal Age
23:46 Castle Age
25:52 Castle Age
28:58 Double-Bit Axe
34:23 Horse Collar
38:01 Forging
39:46 Anarchy
40:44 Scale Mail Armor
41:27 Bow Saw
42:19 Chain Mail Armor
43:15 Iron Casting
44:05 Squires
51:24 Imperial Age
49:50 Wheelbarrow
El gato feroz
3:14 Loom
15:05 Feudal Age
16:55 Wheelbarrow
17:16 Scale Barding Armor
18:34 Forging
23:34 Castle Age
21:39 Gold Mining
23:55 Stone Mining
25:13 Iron Casting
26:52 Fletching
26:57 Double-Bit Axe
35:40 Horse Collar
36:12 Bow Saw
37:42 Bodkin Arrow
39:45 Husbandry
42:48 Imperial Age
42:38 Gold Shaft Mining
42:40 Bracer
44:27 Conscription
51:21 Blast Furnace
Iztacoyolt
5:24 Loom
16:27 Feudal Age
25:28 Town Watch
28:26 Castle Age
28:03 Wheelbarrow
27:33 Double-Bit Axe
27:29 Horse Collar
30:51 Bow Saw
31:57 Scale Mail Armor
33:54 Forging
36:48 Fishing Lines
40:58 Iron Casting
40:39 Chain Mail Armor
44:36 Fletching
44:47 Padded Archer Armor
50:21 Imperial Age
RifRaf
4:48 Loom
13:15 Feudal Age
17:19 Castle Age
15:19 Double-Bit Axe
15:43 Fishing Lines
16:56 Padded Archer Armor
16:52 Fletching
19:11 Bow Saw
19:47 Padded Archer Armor
28:35 Town Watch
38:08 Wheelbarrow
41:48 Imperial Age
39:44 Horse Collar
40:56 Heavy Plow
42:26 Hand Cart
43:20 Scale Barding Armor
43:25 Forging
43:52 Hand Cart
44:38 Bloodlines
44:29 Husbandry
46:11 Iron Casting
45:57 Chain Barding Armor
il caldo fa schifo
3:49 Loom
20:17 Feudal Age
21:53 Town Watch
28:02 Castle Age
26:04 Double-Bit Axe
28:50 Horse Collar
29:57 Fletching
30:58 Wheelbarrow
39:07 Bodkin Arrow
40:06 Scale Mail Armor
40:28 Forging
41:11 Pikeman
41:51 Squires
44:38 Chain Mail Armor
44:58 Iron Casting
50:36 Hand Cart
august44
12:19 Loom
14:25 Feudal Age
19:03 Castle Age
16:54 Double-Bit Axe
18:07 Fishing Lines
20:53 Wheelbarrow
20:59 Gold Mining
21:02 Stone Mining
23:33 Medium Warships
25:03 Fletching
26:06 Gold Mining
27:13 Hand Cart
27:32 Bodkin Arrow
31:24 Scale Barding Armor
31:21 Husbandry
31:31 Bloodlines
33:04 Town Watch
37:32 Chain Barding Armor
37:23 Forging
40:17 Imperial Age
39:26 Town Patrol
39:22 Guard Tower
39:43 Masonry
39:31 Murder Holes
39:56 Ballistics
40:45 Iron Casting
41:16 Scale Mail Armor
41:19 Squires
41:28 Capped Ram
43:49 Blast Furnace
43:00 Siege Ram
Connection lost

Rejoining the realm…

Still unreachable

The connection could not be restored.

Session expired

The server has moved on; the page needs a fresh start.